 Dungeon Crawl Stone Soup version 0.25-a0-1130-g3926558f3a (webtiles) character file.

Game seed: 9770084347779032808, levelgen mode: deterministic

21 MisterFreud the Skirmisher (level 2, -5/21 HPs)
             Began as an Octopode Gladiator on May 19, 2020.
             Slain by a gnoll
             ... wielding a +0 spear
              (12 damage)
             ... on level 2 of the Dungeon.
             The game lasted 00:00:33 (946 turns).

MisterFreud the Skirmisher (Octopode Gladiator)      Turns: 946, Time: 00:00:34

Health: -5/21      AC:  1    Str: 13    XL:     2   Next: 87%
Magic:  2/2        EV: 14    Int: 10    God:
Gold:   66         SH:  0    Dex: 13    Spells: 1/1 levels left

rFire    . . .     SeeInvis .   a - +0 long sword
rCold    . . .     Gourm    .   (no shield)
rNeg     . . .     Faith    .   b - +0 hat
rPois    .         Spirit   .   (no amulet)
rElec    .         Reflect  .   (no ring)
rCorr    .         Harm     .   (no ring)
MR       .....                  (no ring)
Stlth    ++........             (no ring)
HPRegen  0.07/turn              (no ring)
MPRegen  0.08/turn              (no ring)
                                (no ring)
                                (no ring)

@: no status effects
A: almost no armour, stealthy swim, amphibious, 8 rings, constrict 8, camouflage
1, gelatinous body 1
a: no special abilities


You were on level 2 of the Dungeon.
You were not hungry.

You visited 1 branch of the dungeon, and saw 2 of its levels.

You collected 66 gold pieces.

Inventory:

Hand Weapons
 a - a +0 long sword (weapon)
Missiles
 c - 3 throwing nets (quivered)
Armour
 b - a +0 hat (worn)
Scrolls
 g - a scroll of remove curse {unknown}
Potions
 e - a potion of experience {unknown}
Comestibles
 d - 4 rations


   Skills:
 + Level 3.3 Fighting
 - Level 3.0 Long Blades
 - Level 2.0 Throwing
 - Level 3.0 Dodging


You had one spell level left.
You didn't know any spells.
Your spell library was empty.

Dungeon Overview and Level Annotations

Branches:
Dungeon (2/15)

Altars:


Innate Abilities, Weirdness & Mutations

You cannot wear most types of armour.
You are very stealthy in the water. (Stealth+)
You are amphibious.
You can wear up to eight rings at the same time.
You can use your tentacles to constrict eight enemies at once.
Your skin changes colour to match your surroundings (Stealth+).
Your rubbery body absorbs attacks. (AC +1, EV +1)


Message History

Found a scroll labeled XYCID GEEDIYK and a scroll labeled MASIZX RUOLE.
The goblin shouts!
You hear a shout! x3
The goblin hits you with a +0 dagger.
A gnoll comes into view. It is wielding a +0 spear.
A gnoll comes into view.
It is wielding a +0 whip of electrocution.
You closely miss the goblin. Your grab misses the goblin.
A gnoll comes into view. It is wielding a +0 halberd.
The goblin hits you with a +0 dagger.
You hit the goblin. Your grab misses the goblin.
The goblin is moderately wounded.
The goblin closely misses you.
You hit the goblin.
You kill the goblin!
The gnoll hits you from afar with a +0 spear.
An ooze comes into view.
The gnoll hits you with a +0 spear.
You closely miss the gnoll. You grab the gnoll. You constrict the gnoll.
The gnoll hits you with a +0 spear!
Ouch! That really hurt!
You die...

.#.#######
..?.......#
........#.#
#.....#..########
#?...#...#.$....#####
.
#..#....#...........
....#g....#@........#
#.....wg###<.....+
.....#.)..## ####...#
...#..##..... ###
...... #..#### #..#.
)..# ## .. ..... ##
..#...# ..!#####


You could see a worm and a gnoll.

Vanquished Creatures
  An ooze (D:1)
  3 bats (D:1)
  3 goblins
  A hobgoblin (D:1)
  2 jackals (D:1)
  2 frilled lizards (D:1)
  A kobold (D:1)
  3 rats (D:1)
16 creatures vanquished.

Notes
Turn   | Place    | Note
-------+----------+-------------------------------------------
     0 | D:1      | MisterFreud the Octopode Gladiator began the quest for the
                  | Orb.
     0 | D:1      | Reached XP level 1. HP: 14/14 MP: 1/1
   381 | D:1      | Reached XP level 2. HP: 15/20 MP: 2/2
   946 | D:2      | Slain by a gnoll

Illustrated notes

Levels and vault maps discovered:
D:1:      lightli_arrival_maybe_door_vault, layout_basic
D:2:      layout_basic, chequers_ecumenical_altar_grove,
          hangedman_decor_opposing, dk_yredelemnul_ordeal

Skill      XL: |  1  2 |
---------------+-------+-----
Fighting       | 3 |  3.3
Long Blades    | |  3.0
Throwing       | |  2.0
Dodging        | |  3.0

Action                   || total
-------------------------++-------
Melee: Long sword        ||    28
       Constrict         ||     9
       Tentacles         ||     4
 Stab: Sleeping          ||     2
Armor: Skin              ||     2
Dodge: Dodged            ||    26
       Rpst.: Long sword ||     4

Table legend:
 A = Non-vault XP
 B = Vault XP
 C = Vault XP percentage of total XP
 D = Non-vault monster count
 E = Vault monster count
 F = Vault count percentage of total count
                 A         B        C        D         E       F
            +---------+---------+-------+---------+---------+-------
      Total |      31 |       0 |   0.0 |      16 |       0 |   0.0
            +---------+---------+-------+---------+---------+-------
        D:1 |      29 |       0 |   0.0 |      15 |       0 |   0.0
        D:2 |       2 |       0 |   0.0 |       1 |       0 |   0.0
            +---------+---------+-------+---------+---------+-------
